[Event "Titled Tuesday Blitz March 28 Early 2023"]
[White "De Silva, L M S T"]
[Black "Deng, Henry"]
[WhiteFideId "9953698"]
[BlackFideId "30965454"]
[WhiteElo "2403"]
[BlackElo "2462"]
[Result "1-0"]
[Round "05"]
[TimeControl "180+2"]
[Date "2023.03.28"]
[WhiteClock "0:00:27"]
[BlackClock "0:00:08"]

1. e4 c5 2. Nf3 e6 3. d4 cxd4 4. Nxd4 Nf6 5. Nc3 Nc6 6. Be2 Bb4 7. O-O Bxc3 8. bxc3 Nxe4 9. Bd3 d5 10. Nxc6 bxc6 11. Ba3 f6 12. Qg4 Kf7 13. Bxe4 dxe4 14. Qxe4 Qd5 15. Qb4 c5 16. Qa5 Bb7 17. Qc7+ Kg6 18. f3 Rhc8 19. Qg3+ Kf7 20. Rad1 Qc6 21. Rd6 Qc7 22. Rfd1 Kg8 23. c4 Rab8 24. Bc1 Bc6 25. Bf4 e5 26. Bh6 Qf7 27. f4 Kh8 28. fxe5 gxh6 29. e6 Qe7 30. Rxc6 Rg8 31. Rd7 Qe8 32. Rcc7 Rxg3 33. Rxh7+ Kg8 34. hxg3 Qxe6 35. Rcg7+ Kf8 36. Rxa7 Qg8 37. Kh2 Re8 38. a4 f5 39. Rxh6 Rb8 40. Rhh7 Ke8 41. a5 Kd8 42. a6 Qe8 43. Rag7 Ra8 44. a7 1-0


[Site "https://www.chess.com"]

[Event "Titled Tuesday Blitz March 28 Early 2023"]
[White "Hardaway, Brewington"]
[Black "Salman, Pavel"]
[WhiteFideId "30941849"]
[BlackFideId "24153753"]
[WhiteElo "2159"]
[BlackElo "2187"]
[Result "0-1"]
[Round "05"]
[TimeControl "180+2"]
[Date "2023.03.28"]
[WhiteClock "0:00:22"]
[BlackClock "0:01:20"]

1. d4 Nf6 2. c4 c5 3. d5 b5 4. cxb5 a6 5. b6 e6 6. Nc3 Nxd5 7. Nxd5 exd5 8. Qxd5 Nc6 9. e3 Be7 10. Nf3 Rb8 11. Bc4 O-O 12. O-O Rxb6 13. b3 Bb7 14. Qd2 Bf6 15. Rb1 Ne5 16. Nxe5 Bxe5 17. Ba3 Bxh2+ 18. Kxh2 Qh4+ 19. Kg1 Bxg2 20. f3 Bh3 21. Qf2 Rg6+ 22. Kh2 Qh5 0-1


[Site "https://www.chess.com"]

[Event "Titled Tuesday Blitz March 28 Early 2023"]
[White "Belozerov, Andrei"]
[Black "Baches Garcia, Guillermo"]
[WhiteFideId "4120213"]
[BlackFideId "2209764"]
[WhiteElo "2360"]
[BlackElo "2458"]
[Result "1/2-1/2"]
[Round "05"]
[TimeControl "180+2"]
[Date "2023.03.28"]
[WhiteClock "0:00:08"]
[BlackClock "0:00:08"]

1. d4 Nf6 2. c4 e6 3. g3 d5 4. Bg2 Be7 5. Nf3 O-O 6. O-O dxc4 7. Qc2 a6 8. a4 Bd7 9. Qxc4 Bc6 10. Bg5 Nbd7 11. Nc3 h6 12. Bf4 Bd6 13. Bd2 Bd5 14. Nxd5 exd5 15. Qb3 Rb8 16. Bb4 Qe7 17. Bxd6 Qxd6 18. Rfc1 c6 19. Qa3 Qe6 20. b4 Qxe2 21. Re1 Qc2 22. Rac1 Qh7 23. b5 axb5 24. axb5 Rbc8 25. Qa7 cxb5 26. Qxb7 Rxc1 27. Rxc1 Qd3 28. Re1 Rb8 29. Qc7 Ra8 30. Ne5 Nxe5 31. dxe5 Ne4 32. e6 fxe6 33. Qb6 Re8 34. Bf1 Qd2 35. Ra1 b4 36. Bb5 Rf8 37. Qxe6+ Kh8 38. Rf1 Rxf2 39. Qh3 Rxf1+ 40. Qxf1 Qe3+ 41. Kg2 Qd2+ 42. Kh3 Nf2+ 43. Kg2 Ng4+ 44. Kh3 Nf2+ 45. Kg2 Ne4+ 46. Kh3 Nf2+ 1/2-1/2


[Site "https://www.chess.com"]

[Event "Titled Tuesday Blitz March 28 Early 2023"]
[White "QuiesPrecatio"]
[Black "Ismagilov, Damir"]
[BlackFideId "34199982"]
[WhiteElo "2456"]
[BlackElo "2078"]
[Result "0-1"]
[Round "05"]
[TimeControl "180+2"]
[Date "2023.03.28"]
[WhiteClock "0:00:01"]
[BlackClock "0:00:32"]

1. c4 f5 2. g3 Nf6 3. Bg2 g6 4. Nc3 Bg7 5. Nh3 O-O 6. O-O e5 7. d3 c6 8. c5 Na6 9. d4 e4 10. Bg5 d5 11. cxd6 Qxd6 12. Nf4 Be6 13. e3 Nb4 14. a3 Nbd5 15. Bxf6 Nxf6 16. Nxe6 Qxe6 17. Qa4 b5 18. Qa5 Qb3 19. Rab1 Rfc8 20. Rfc1 Bf8 21. Bf1 a6 22. Be2 h5 23. Bd1 Qf7 24. Ne2 Kh7 25. h4 c5 26. dxc5 Bxc5 27. Nf4 Ng4 28. Bxg4 hxg4 29. Qd2 Rd8 30. Qc3 Bd6 31. Ne2 Qe7 32. Nd4 Be5 33. Nc6 Bxc3 34. Nxe7 Bg7 35. Rd1 a5 36. b3 a4 37. bxa4 bxa4 38. Nc6 Rd3 39. Nb4 Rxa3 40. Nd5 Rb3 41. Rxb3 axb3 42. Rb1 Rb8 43. Nc7 b2 44. Na6 Rc8 45. Nb4 Rc1+ 0-1


[Site "https://www.chess.com"]

[Event "Titled Tuesday Blitz March 28 Early 2023"]
[White "Aaditya Dhingra"]
[Black "Manukyan, Artyom"]
[WhiteFideId "25678191"]
[BlackFideId "13305786"]
[WhiteElo "2083"]
[BlackElo "2078"]
[Result "1-0"]
[Round "05"]
[TimeControl "180+2"]
[Date "2023.03.28"]
[WhiteClock "0:01:14"]
[BlackClock "0:01:34"]

1. c4 e6 2. Nf3 f5 3. g3 Nf6 4. Bg2 d5 5. O-O c6 6. b3 Bd6 7. d4 Qe7 8. Bf4 O-O 9. Bxd6 Qxd6 10. Nc3 Ne4 11. Rc1 Bd7 12. e3 Be8 13. Ne2 Nd7 14. Nf4 Ndf6 15. Ne5 g5 16. Nfd3 h5 17. f3 a5 18. fxe4 dxe4 19. Nb2 Kg7 20. Na4 Rh8 21. Nb6 Rd8 22. c5 Qc7 23. h3 Kg8 24. Qe2 Qh7 25. a3 Bg6 26. b4 a4 27. b5 h4 28. g4 Kg7 29. bxc6 bxc6 30. Nxc6 fxg4 31. Nxd8 Rxd8 32. c6 gxh3 33. Bxh3 g4 34. c7 Rh8 35. c8=Q Rxc8 36. Rxc8 gxh3 37. Rc7+ Bf7 38. Qg4+ Nxg4 39. Rfxf7+ 1-0


[Site "https://www.chess.com"]

[Event "Titled Tuesday Blitz March 28 Early 2023"]
[White "Vafin, Ayrat"]
[Black "The_Sherman_Variation"]
[WhiteFideId "4146530"]
[WhiteElo "2317"]
[BlackElo "2630"]
[Result "1/2-1/2"]
[Round "05"]
[TimeControl "180+2"]
[Date "2023.03.28"]
[WhiteClock "0:00:04"]
[BlackClock "0:00:21"]

1. Nf3 Nf6 2. g3 b6 3. Bg2 Bb7 4. c4 e6 5. O-O c5 6. d4 cxd4 7. Qxd4 Nc6 8. Qf4 Be7 9. Rd1 Rc8 10. Nc3 a6 11. Ne5 O-O 12. b3 Ba8 13. Nxc6 Bxc6 14. Bb2 Bxg2 15. Kxg2 Rc5 16. Rd3 Rf5 17. Qd2 Qa8+ 18. f3 Bc5 19. e4 Rh5 20. Na4 Nxe4 21. fxe4 Qxe4+ 22. Rf3 Rxh2+ 23. Kxh2 Qxf3 24. Nxc5 bxc5 25. Re1 f5 26. Qe2 Qc6 27. Qe5 Rf6 28. Qb8+ Rf8 29. Qf4 h6 30. Rd1 Rf7 31. Rd6 Qa8 32. Rb6 Kh7 33. Kg1 a5 34. a4 Qe8 35. Rd6 Re7 36. Qe5 Qh5 37. Rd2 Qf3 38. Qf4 Qxb3 39. Kg2 Qxa4 40. Kg1 Qb3 41. Rh2 Qd1+ 42. Kg2 a4 43. Bc1 Qe2+ 44. Kg1 Qe1+ 45. Kg2 Qe4+ 46. Qxe4 fxe4 47. Kf2 d5 48. Ke3 Ra7 49. Ba3 d4+ 50. Kxe4 Rb7 51. Rb2 Rb3 52. Rxb3 axb3 53. Kd3 e5 54. Bxc5 Kg6 55. Ba3 Kf5 56. Bb2 g5 57. c5 h5 58. c6 Ke6 59. Kc4 Kd6 60. Kxb3 Kxc6 61. Kc4 Kd6 62. Bc1 Ke6 63. Bxg5 Kf5 64. Bh4 Ke4 65. Bg5 d3 66. Kc3 Kf5 67. Bh6 e4 68. Bf4 Kg4 69. Be5 Kf3 70. Kd2 Kf2 71. Bf4 Kf3 72. Be5 Kg4 73. Bd6 Kf3 74. Be5 1/2-1/2


[Site "https://www.chess.com"]

[Event "Titled Tuesday Blitz March 28 Early 2023"]
[White "Goudriaan, Etienne"]
[Black "Miszler, Levente"]
[WhiteFideId "1021150"]
[BlackFideId "763276"]
[WhiteElo "2318"]
[BlackElo "2176"]
[Result "1-0"]
[Round "05"]
[TimeControl "180+2"]
[Date "2023.03.28"]
[WhiteClock "0:01:09"]
[BlackClock "0:00:34"]

1. d4 Nf6 2. c4 e6 3. g3 d5 4. Nf3 Be7 5. Bg2 O-O 6. O-O dxc4 7. Qc2 a6 8. a4 Bd7 9. Qxc4 Bc6 10. Bg5 Bd5 11. Qc1 a5 12. Nc3 Bxf3 13. Bxf3 c6 14. Rd1 Na6 15. h4 Nb4 16. Qd2 h6 17. Bxf6 Bxf6 18. Rac1 Qb6 19. Ne4 Be7 20. Qf4 Rad8 21. e3 Nd5 22. Qe5 f5 23. Nc3 Rde8 24. Qxe6+ Kh8 25. Nxd5 Qxb2 26. Nxe7 Rf6 27. Ng6+ 1-0


[Site "https://www.chess.com"]

[Event "Titled Tuesday Blitz March 28 Early 2023"]
[White "Sowul, Bartosz"]
[Black "Vaibhav Jayant Raut"]
[WhiteFideId "1137590"]
[BlackFideId "5089034"]
[WhiteElo "2188"]
[BlackElo "2156"]
[Result "0-1"]
[Round "05"]
[TimeControl "180+2"]
[Date "2023.03.28"]
[WhiteClock "0:01:50"]
[BlackClock "0:02:19"]

1. e4 c5 2. Nc3 Nc6 3. Bb5 g6 4. Bxc6 dxc6 5. f4 Bg7 6. Nf3 Bg4 7. h3 Bxf3 8. Qxf3 Nf6 9. d3 c4 10. e5 Nd5 11. dxc4 Nxc3 12. Qxc3 O-O 13. Be3 f6 14. O-O fxe5 15. fxe5 Qc7 16. Bf4 Rxf4 0-1


[Site "https://www.chess.com"]

[Event "Titled Tuesday Blitz March 28 Early 2023"]
[White "Kim, Sergey"]
[Black "Kokoszczynski, Jan"]
[WhiteFideId "13700570"]
[BlackFideId "1174460"]
[WhiteElo "2619"]
[BlackElo "2139"]
[Result "1-0"]
[Round "05"]
[TimeControl "180+2"]
[Date "2023.03.28"]
[WhiteClock "0:01:04"]
[BlackClock "0:00:02"]

1. d4 d5 2. c4 c6 3. Nf3 Nf6 4. Qc2 dxc4 5. Qxc4 Bf5 6. e3 e6 7. Bd3 Bxd3 8. Qxd3 Nbd7 9. O-O Be7 10. Nc3 O-O 11. e4 h6 12. Rd1 Qc7 13. h3 Rfd8 14. Be3 Rac8 15. Rac1 b6 16. e5 Nh7 17. Qe4 Qb8 18. Qg4 Kh8 19. Qh5 Kg8 20. Qg4 Kh8 21. Bf4 Ndf8 22. Ne4 Qb7 23. a3 c5 24. Nd6 Bxd6 25. exd6 Nf6 26. Qg3 cxd4 27. Be5 Rxc1 28. Rxc1 d3 29. Rc7 Qe4 30. Rxf7 Ng6 31. Rxf6 gxf6 32. Bxf6+ Kh7 33. Bxd8 1-0


[Site "https://www.chess.com"]

[Event "Titled Tuesday Blitz March 28 Early 2023"]
[White "Estremera Panos, Sergio"]
[Black "Gontcharov, Vladislav"]
[WhiteFideId "2200864"]
[BlackFideId "4123492"]
[WhiteElo "2253"]
[BlackElo "2470"]
[Result "0-1"]
[Round "05"]
[TimeControl "180+2"]
[Date "2023.03.28"]
[WhiteClock "0:00:19"]
[BlackClock "0:00:18"]

1. d4 Nf6 2. c4 c5 3. d5 e6 4. Nc3 exd5 5. cxd5 d6 6. Nf3 g6 7. Nd2 Nbd7 8. e4 Bg7 9. Be2 O-O 10. O-O Re8 11. h3 a6 12. a4 Rb8 13. Qc2 Qc7 14. a5 b5 15. axb6 Rxb6 16. Nc4 Rb4 17. Bf4 Bf8 18. Rfe1 Nb6 19. Nd2 Bd7 20. Rxa6 Qb7 21. Rea1 Nfxd5 22. exd5 Rxf4 23. Bf3 Nc4 24. Nxc4 Rxc4 25. Ra7 Qc8 26. Be2 Bf5 27. Qd2 Rd4 28. Qg5 Qd8 29. Qg3 Qf6 30. Bb5 Rb8 31. Bc6 Rdb4 32. Ra8 Rxb2 33. Qe3 h5 34. Nb5 R2xb5 35. Bxb5 Rxb5 36. Qh6 Qxa1+ 37. Rxa1 Bxh6 38. Ra8+ Kg7 39. Rd8 Rb1+ 40. Kh2 Bf4+ 41. g3 Be5 42. Kg2 Be4+ 43. Kh2 Bxd5 44. Re8 Rh1# 0-1


[Site "https://www.chess.com"]

[Event "Titled Tuesday Blitz March 28 Early 2023"]
[White "Shivakumar, Shawnak"]
[Black "Sielecki, Christof"]
[WhiteFideId "30940192"]
[BlackFideId "4620437"]
[WhiteElo "2089"]
[BlackElo "2443"]
[Result "1-0"]
[Round "05"]
[TimeControl "180+2"]
[Date "2023.03.28"]
[WhiteClock "0:00:26"]
[BlackClock "0:00:15"]

1. e4 c5 2. Nf3 a6 3. c3 d5 4. exd5 Qxd5 5. d4 e6 6. Be3 Nd7 7. c4 Qc6 8. Nc3 Ngf6 9. Be2 b6 10. Ne5 Qc7 11. Nxd7 Bxd7 12. d5 exd5 13. Nxd5 Nxd5 14. Qxd5 Bc6 15. Bf4 Bxd5 16. Bxc7 Bxg2 17. Rg1 Be4 18. Rd1 f6 19. Rg3 Bc6 20. Bh5+ g6 21. Bf3 Bxf3 22. Rxf3 Rc8 23. Re3+ Kf7 24. Rd7+ Kg8 25. Bxb6 h5 26. a4 Rh7 27. Rxh7 Kxh7 28. Re6 Kg7 29. Ba5 Ra8 30. Bc3 Kh6 31. Bxf6 Bg7 32. a5 Bxf6 33. Rxf6 Rb8 34. Rb6 Re8+ 35. Kd2 Re4 36. Kd3 Rd4+ 37. Kc3 Rf4 38. Rxa6 Rf3+ 39. Kc2 Rxf2+ 40. Kb3 h4 41. Ra8 Kg5 42. a6 Rf1 43. a7 Ra1 44. Kc3 Kg4 45. b4 cxb4+ 46. Kxb4 Kh3 47. c5 g5 48. c6 g4 49. c7 Rb1+ 50. Ka3 Ra1+ 51. Kb2 Rg1 52. c8=Q Rg2+ 53. Kb3 Kxh2 54. Rb8 Rg3+ 55. Kc4 h3 56. a8=Q Rg2 57. Qc7+ g3 58. Rb3 Rc2+ 59. Rc3 Rxc3+ 60. Kxc3 Kg1 61. Qxg3+ Kf1 62. Qaf3# 1-0


[Site "https://www.chess.com"]

[Event "Titled Tuesday Blitz March 28 Early 2023"]
[White "Bas Mas, Jose Joaquin"]
[Black "Khumalo, Keith"]
[WhiteFideId "22219064"]
[BlackFideId "14319470"]
[WhiteElo "2233"]
[BlackElo "2056"]
[Result "1-0"]
[Round "05"]
[TimeControl "180+2"]
[Date "2023.03.28"]
[WhiteClock "0:01:16"]
[BlackClock "0:02:14"]

1. e4 e6 2. d4 d5 3. e5 c5 4. c3 Nc6 5. Nf3 Bd7 6. Bd3 Qc7 7. O-O f6 8. Re1 O-O-O 9. Na3 a6 10. Bf4 h6 11. Bg3 f5 12. c4 Nb4 13. Rc1 Kb8 14. cxd5 Nxd5 15. Bxf5 Qb6 16. Nc4 Qa7 17. Be4 Bc6 18. Nd6 cxd4 19. Nxd4 Bd7 20. Bxd5 exd5 21. e6 Bxe6 22. N6b5+ 1-0


[Site "https://www.chess.com"]

[Event "Titled Tuesday Blitz March 28 Early 2023"]
[White "Richter, Nils"]
[Black "Gatterer, Florian"]
[WhiteFideId "12990809"]
[BlackFideId "811688"]
[WhiteElo "2381"]
[BlackElo "2221"]
[Result "1-0"]
[Round "05"]
[TimeControl "180+2"]
[Date "2023.03.28"]
[WhiteClock "0:00:19"]
[BlackClock "0:00:01"]

1. b3 e5 2. Bb2 Nc6 3. e3 Nf6 4. c4 d5 5. cxd5 Nxd5 6. Nf3 Bd6 7. d3 O-O 8. Be2 Qe7 9. O-O a5 10. a3 Be6 11. Nbd2 Kh8 12. Qc2 f6 13. Ne4 Rfc8 14. Kh1 Bf7 15. g4 Nd8 16. Rg1 c5 17. Rg3 b6 18. Rag1 a4 19. bxa4 Be8 20. Nc3 Nxc3 21. Qxc3 Bc6 22. e4 Ne6 23. g5 Nf4 24. Bd1 Bxa4 25. Bxa4 Rxa4 26. gxf6 gxf6 27. Qb3 Raa8 28. Nh4 Qe6 29. Qxe6 Nxe6 30. Nf5 Rd8 31. h4 Bc7 32. h5 Rg8 33. Rxg8+ Rxg8 34. Rxg8+ Kxg8 35. Ne7+ Kf7 36. Nd5 Bd8 37. Kg2 b5 38. Kh3 Be7 39. Kg4 b4 40. a4 Nd8 41. a5 Nc6 42. a6 Bd8 43. f4 exf4 44. Kxf4 Ke6 45. h6 b3 46. Ke3 Be7 47. Kd2 f5 48. Kc3 fxe4 49. dxe4 Bd6 50. Kxb3 Be5 51. Ba3 Bd4 52. Kc4 Ke5 53. Bxc5 Bxc5 54. Kxc5 Na7 55. Kb6 Nc8+ 56. Kc7 Na7 57. Kb7 Nb5 58. Nc3 Nd6+ 59. Kc7 Ne8+ 60. Kc6 1-0


[Site "https://www.chess.com"]

[Event "Titled Tuesday Blitz March 28 Early 2023"]
[White "Thecourseoisildur"]
[Black "Olenik Campa, Rudi"]
[BlackFideId "14633264"]
[WhiteElo "2441"]
[BlackElo "2249"]
[Result "1/2-1/2"]
[Round "05"]
[TimeControl "180+2"]
[Date "2023.03.28"]
[WhiteClock "0:00:04"]
[BlackClock "0:00:03"]

1. e4 c5 2. Nf3 Nc6 3. Bb5 g6 4. O-O Bg7 5. Re1 e5 6. b4 d6 7. bxc5 dxc5 8. Bxc6+ bxc6 9. Bb2 Qd6 10. d3 Ne7 11. Nbd2 Be6 12. Nb3 O-O 13. Ba3 Bxb3 14. axb3 a5 15. Bb2 Nc8 16. Ra3 Qc7 17. Qa1 Re8 18. Nd2 Nd6 19. Bc3 Nb5 20. Rxa5 Rxa5 21. Bxa5 Qd7 22. Nc4 Nd4 23. Qb2 Qg4 24. h3 Qg5 25. Kf1 Ra8 26. Bd2 Qh5 27. Be3 Ne6 28. Ra1 Rf8 29. f3 f5 30. Bf2 fxe4 31. dxe4 Nf4 32. Qc3 Qg5 33. Ne3 Bh6 34. h4 Qf6 35. Ng4 Qg7 36. Nxh6+ Qxh6 37. Qxe5 g5 38. Ra7 g4 39. Qg5+ Qxg5 40. hxg5 Ne6 41. Ke2 gxf3+ 42. gxf3 Nxg5 43. Bxc5 Re8 44. Be3 Ne6 45. Kd3 Rd8+ 46. Ke2 Re8 47. c4 h5 48. Bf2 Nf4+ 49. Ke3 Ng2+ 50. Ke2 h4 51. Kf1 h3 52. Kg1 Nf4 53. Kh2 Kh8 54. Bg3 Ne2 55. Kxh3 Rg8 56. Bf2 Nf4+ 57. Kh4 Ng2+ 58. Kh3 Nf4+ 59. Kh4 Ng2+ 60. Kh5 Nf4+ 61. Kh4 1/2-1/2


[Site "https://www.chess.com"]

[Event "Titled Tuesday Blitz March 28 Early 2023"]
[White "Priyanka Nutakki"]
[Black "Vaglio Munoz, Jaime"]
[WhiteFideId "25049615"]
[BlackFideId "6500145"]
[WhiteElo "2256"]
[BlackElo "2199"]
[Result "0-1"]
[Round "05"]
[TimeControl "180+2"]
[Date "2023.03.28"]
[WhiteClock "0:00:17"]
[BlackClock "0:01:23"]

1. Nf3 e6 2. b3 b5 3. Bb2 a6 4. e3 Bb7 5. g3 Nf6 6. Bg2 Be7 7. O-O O-O 8. d3 d6 9. Nbd2 Nbd7 10. a3 c5 11. e4 e5 12. Qe2 Nb8 13. Nh4 g6 14. f4 Nfd7 15. Nhf3 Bf6 16. a4 Nc6 17. f5 Bg7 18. g4 Nd4 19. Qd1 Bh6 20. Bc1 Bf4 21. Kh1 Nf6 22. h3 Kg7 23. Nb1 Bxc1 24. Qxc1 Ng8 25. Nc3 f6 26. axb5 axb5 27. Nxd4 cxd4 28. Nxb5 d5 29. Rxa8 Bxa8 30. Qe1 g5 31. Qe2 Ne7 32. Ra1 Bc6 33. Na7 Bb7 34. Nb5 Rh8 35. Ra7 Qb6 36. exd5 Qxb5 37. d6 Nc6 38. Qe4 Nxa7 39. Qxb7+ Qxb7 40. Bxb7 Rd8 0-1


[Site "https://www.chess.com"]

[Event "Titled Tuesday Blitz March 28 Early 2023"]
[White "Castellanos Gomez, Alejandro"]
[Black "Jia, Haoxiang"]
[WhiteFideId "22284141"]
[BlackFideId "8602999"]
[WhiteElo "2158"]
[BlackElo "2591"]
[Result "0-1"]
[Round "05"]
[TimeControl "180+2"]
[Date "2023.03.28"]
[WhiteClock "0:00:01"]
[BlackClock "0:00:49"]

1. d4 Nf6 2. Bf4 g6 3. Nc3 Bg7 4. e4 d6 5. Qd2 Nc6 6. O-O-O O-O 7. Nge2 a6 8. f3 b5 9. d5 Ne5 10. Nd4 Bd7 11. h4 c5 12. dxc6 Nxc6 13. Nxc6 Bxc6 14. h5 Nxh5 15. Bh6 b4 16. Bxg7 Kxg7 17. Ne2 Qa5 18. Kb1 Nf6 19. Nd4 Bd7 20. Qh6+ Kg8 21. g4 Qe5 22. Rg1 Rfc8 23. Nf5 Bxf5 24. gxf5 Rxc2 25. Kxc2 Qc5+ 26. Kb1 Qxg1 27. fxg6 hxg6 28. Qf4 Rc8 29. e5 dxe5 30. Qxe5 Qf2 31. Ka1 Qxf3 32. Rb1 Qe4 33. Qg5 b3 34. Bxa6 bxa2 35. Re1 Qxe1+ 0-1


[Site "https://www.chess.com"]

[Event "Titled Tuesday Blitz March 28 Early 2023"]
[White "Alex_Sahakyan2006"]
[Black "Harriott, Tyrell"]
[BlackFideId "2086484"]
[WhiteElo "2590"]
[BlackElo "2107"]
[Result "1-0"]
[Round "05"]
[TimeControl "180+2"]
[Date "2023.03.28"]
[WhiteClock "0:01:28"]
[BlackClock "0:00:55"]

1. Nc3 e6 2. Nf3 d5 3. g3 Bd6 4. Bg2 f5 5. O-O f4 6. d3 fxg3 7. hxg3 Nf6 8. e4 Bb4 9. e5 Ng4 10. d4 O-O 11. Ng5 Nh6 12. Qd3 Nf5 13. g4 h6 14. gxf5 hxg5 15. fxe6 Bxe6 16. Qg6 Qd7 17. Qxe6+ Qxe6 18. Bxd5 Qf7 19. Bxf7+ Kxf7 20. Nd5 Ba5 21. Bxg5 c6 22. Nf4 Na6 23. c3 Kg8 24. Ng6 Rfe8 25. f4 Bb6 26. Kg2 c5 27. d5 Nc7 28. c4 Ba5 29. f5 Na6 30. e6 Bc7 31. Rh1 1-0


[Site "https://www.chess.com"]

[Event "Titled Tuesday Blitz March 28 Early 2023"]
[White "Leve, Nitai"]
[Black "Bodnaruk, Anastasia"]
[WhiteFideId "2006898"]
[BlackFideId "4181751"]
[WhiteElo "2144"]
[BlackElo "2310"]
[Result "0-1"]
[Round "05"]
[TimeControl "180+2"]
[Date "2023.03.28"]
[WhiteClock "0:00:28"]
[BlackClock "0:01:07"]

1. e4 c5 2. Nf3 d6 3. d4 cxd4 4. Qxd4 Nc6 5. Bb5 Bd7 6. Bxc6 Bxc6 7. Nc3 Nf6 8. Bg5 e6 9. O-O-O Be7 10. Qd3 O-O 11. Nd4 Qa5 12. f4 Rfd8 13. h4 Be8 14. f5 Bd7 15. g4 Rac8 16. Kb1 Re8 17. Nde2 Bc6 18. fxe6 fxe6 19. Nd4 Bd7 20. Bxf6 Bxf6 21. g5 Be5 22. Nce2 Qb6 23. g6 h6 24. Rdf1 Rf8 25. Nf3 Qxb2# 0-1


[Site "https://www.chess.com"]

[Event "Titled Tuesday Blitz March 28 Early 2023"]
[White "Valgmae, Toomas"]
[Black "Raahul V S"]
[WhiteFideId "4502523"]
[BlackFideId "25035525"]
[WhiteElo "2170"]
[BlackElo "2168"]
[Result "0-1"]
[Round "05"]
[TimeControl "180+2"]
[Date "2023.03.28"]
[WhiteClock "0:00:01"]
[BlackClock "0:00:17"]

1. d4 d5 2. c4 c6 3. Nf3 Nf6 4. Nc3 e6 5. Bg5 dxc4 6. e4 b5 7. Be2 h6 8. Bh4 g5 9. Bg3 b4 10. Na4 Nxe4 11. Bxc4 Nd7 12. O-O Bg7 13. Be5 Nxe5 14. Nxe5 O-O 15. Re1 Nd6 16. Bd3 Bb7 17. Nc5 Qe7 18. Rc1 Rac8 19. Qa4 Nb5 20. Qxb4 Rfd8 21. Rc4 Ba8 22. a4 a5 23. Qxa5 Nxd4 24. Qd2 Qd6 25. Qe3 Nf5 26. Bxf5 exf5 27. g3 Qd5 28. Rc2 Re8 0-1


[Site "https://www.chess.com"]

[Event "Titled Tuesday Blitz March 28 Early 2023"]
[White "Rastbod, Ali"]
[Black "Senft, Sean"]
[WhiteFideId "12567477"]
[BlackFideId "2044960"]
[WhiteElo "2211"]
[BlackElo "1989"]
[Result "1-0"]
[Round "05"]
[TimeControl "180+2"]
[Date "2023.03.28"]
[WhiteClock "0:00:25"]
[BlackClock "0:00:29"]

1. e4 e5 2. Nf3 Nc6 3. Bc4 Nf6 4. d3 Bc5 5. c3 d6 6. Bb3 O-O 7. O-O a5 8. Nbd2 Bg4 9. h3 Bh5 10. Re1 Ba7 11. Nf1 Re8 12. g4 Bg6 13. Ng3 h5 14. Bg5 hxg4 15. hxg4 Qd7 16. Bxf6 Qxg4 17. Bh4 Qh3 18. Qe2 a4 19. Bxa4 Qg4 20. Bd1 f6 21. Kg2 Kf7 22. Ng5+ Qxg5 23. Bxg5 fxg5 24. Qg4 Kf6 25. Rh1 Rh8 26. Nh5+ Bxh5 27. Qf5+ Ke7 28. Qxg5+ Kd7 29. Bxh5 Ne7 30. Bg4+ Kc6 31. Rxh8 Rxh8 32. Qxe7 Rg8 1-0


[Site "https://www.chess.com"]

[Event "Titled Tuesday Blitz March 28 Early 2023"]
[White "Dino_Ballecer"]
[Black "Sanchez Alvares, Kelvin Antonio"]
[BlackFideId "3906680"]
[WhiteElo "2582"]
[BlackElo "2217"]
[Result "1-0"]
[Round "05"]
[TimeControl "180+2"]
[Date "2023.03.28"]
[WhiteClock "0:01:58"]
[BlackClock "0:00:32"]

1. e4 e5 2. Nf3 Nc6 3. Bc4 Bc5 4. O-O Nf6 5. d4 exd4 6. e5 d5 7. exf6 dxc4 8. fxg7 Rg8 9. Re1+ Be6 10. Bg5 Qd5 11. Nc3 Qf5 12. Ne4 Rxg7 13. Nh4 Qg4 14. Nf6+ Kf8 15. Nxg4 Rxg5 16. h3 h5 17. Rxe6 hxg4 18. Rxc6 bxc6 19. hxg4 Re8 20. Nf5 Rd8 21. Qf3 Rg6 22. Rd1 Kg8 23. Qf4 Re6 24. Nxd4 Rd5 25. c3 1-0


[Site "https://www.chess.com"]

[Event "Titled Tuesday Blitz March 28 Early 2023"]
[White "Souleidis, Georgios"]
[Black "Seletsky, Grigory"]
[WhiteFideId "4206827"]
[BlackFideId "14112191"]
[WhiteElo "2401"]
[BlackElo "2490"]
[Result "1-0"]
[Round "05"]
[TimeControl "180+2"]
[Date "2023.03.28"]
[WhiteClock "0:00:06"]
[BlackClock "0:00:08"]

1. e4 e6 2. Qe2 Nc6 3. Nf3 e5 4. Nc3 Bc5 5. g3 d6 6. Bg2 Nge7 7. d3 O-O 8. h3 a6 9. O-O h6 10. Be3 Nd4 11. Bxd4 Bxd4 12. Nxd4 exd4 13. Nb1 c5 14. Nd2 b5 15. f4 Ra7 16. g4 Ng6 17. a4 Re7 18. axb5 axb5 19. Qf2 Bb7 20. h4 Rc7 21. h5 Nh8 22. Qg3 f6 23. Nf3 Nf7 24. Nh4 Qd7 25. Bh3 Qc6 26. b3 c4 27. bxc4 bxc4 28. Bg2 Ra8 29. Rxa8+ Bxa8 30. e5 Qe8 31. Bxa8 Qxa8 32. exf6 gxf6 33. Nf5 cxd3 34. Qxd3 Rc3 35. Qxd4 Rxc2 36. Ne3 Re2 37. Rf2 Rxf2 38. Kxf2 Qa2+ 39. Kf3 Qe6 40. Nf5 Kh7 41. Qd3 Kg8 42. Qc3 Kf8 43. Qa3 Qd5+ 44. Kg3 Qc5 45. Qa8+ Nd8 46. Qxd8+ Kf7 47. Qe7+ 1-0


[Site "https://www.chess.com"]

[Event "Titled Tuesday Blitz March 28 Early 2023"]
[White "MKlose11"]
[Black "Perez Rodriguez, Jennifer"]
[BlackFideId "3507831"]
[WhiteElo "2578"]
[BlackElo "2170"]
[Result "0-1"]
[Round "05"]
[TimeControl "180+2"]
[Date "2023.03.28"]
[WhiteClock "0:00:53"]
[BlackClock "0:00:44"]

1. e4 e5 2. Nf3 Nc6 3. d4 exd4 4. Bc4 Nf6 5. O-O Nxe4 6. Re1 d5 7. Bxd5 Qxd5 8. Nc3 Qa5 9. Nxe4 Be6 10. Neg5 O-O-O 11. Nxe6 fxe6 12. Rxe6 Bd6 13. Qe2 Qf5 14. Qe4 Qxe4 15. Rxe4 Rhe8 16. Rxe8 Rxe8 17. Bd2 Kd7 18. Kf1 Bc5 19. h3 h6 20. Rb1 a5 21. Bxa5 Nxa5 22. b4 Kc6 23. bxc5 Kxc5 24. Nd2 b6 25. Nb3+ Nxb3 26. axb3 Kb4 27. Rd1 c5 28. Rd3 b5 29. Rg3 Re7 30. f4 Ka3 31. f5 Kb2 32. Rg6 Kxc2 33. Re6 Rc7 34. g4 d3 35. Ra6 Kxb3 36. Ke1 c4 37. Kd2 Rd7 38. Ra1 c3+ 39. Ke3 d2 40. Ra7 Rxa7 0-1


[Site "https://www.chess.com"]

[Event "Titled Tuesday Blitz March 28 Early 2023"]
[White "Rios Escobar, Adan"]
[Black "Ezat, Mohamed"]
[WhiteFideId "3403645"]
[BlackFideId "10600906"]
[WhiteElo "2421"]
[BlackElo "2386"]
[Result "0-1"]
[Round "05"]
[TimeControl "180+2"]
[Date "2023.03.28"]
[WhiteClock "0:00:01"]
[BlackClock "0:00:29"]

1. d4 e6 2. g3 Nf6 3. c4 Bb4+ 4. Nd2 d5 5. Bg2 O-O 6. Nf3 dxc4 7. a3 Ba5 8. Qa4 Nc6 9. Qxc4 Qd5 10. Qxd5 exd5 11. b4 Bb6 12. Nb3 Bf5 13. O-O Ne4 14. Nc5 Nc3 15. Re1 Rfe8 16. e3 Bxc5 17. dxc5 a5 18. Bb2 axb4 19. axb4 Nb5 20. Nd4 Nbxd4 21. exd4 Nxb4 22. Rxa8 Rxa8 23. Bc3 Nd3 24. Re7 c6 25. Rxb7 h5 26. Bf1 Ra2 27. Rb6 Nxf2 28. Rxc6 Nh3+ 29. Bxh3 Bxh3 30. Be1 Rg2+ 31. Kf1 Rxh2+ 32. Kg1 Rg2+ 33. Kf1 Rd2+ 34. Kg1 Rxd4 35. Rd6 Re4 36. Kf2 Be6 37. c6 Rc4 38. Ba5 Kh7 39. c7 Kg6 40. Bb6 Kf5 41. Rd8 g5 42. Be3 f6 43. Bb6 Rc6 44. Rh8 Rxb6 45. c8=Q Bxc8 46. Rxc8 Kg4 47. Rc5 Rb2+ 48. Kg1 Kxg3 49. Kf1 h4 50. Rxd5 h3 51. Rd3+ Kh4 52. Kg1 g4 53. Kh1 Rb1+ 54. Kh2 g3+ 55. Rxg3 Rb2+ 56. Kh1 Kxg3 57. Kg1 Rb1# 0-1


[Site "https://www.chess.com"]